 Dungeon Crawl Stone Soup version 0.29.1-1-gd02db6906a (webtiles) character file.

Game seed: 12598748912934641043

382 Icepheonix32 the Insei (level 6, -5/44 HPs)
             Began as a Merfolk Transmuter on Oct 5, 2022.
             Splashed by a jelly's acid (7 damage)
             ... on level 5 of the Dungeon.
             The game lasted 00:05:13 (4982 turns).

Icepheonix32 the Insei (Merfolk Transmuter)         Turns: 4982, Time: 00:05:14

Health: -5/44      AC: -1    Str: 10      XL:     6   Next: 76%
Magic:  0/10       EV: 13    Int: 13 (14) God:
Gold:   259        SH:  0    Dex: 13 (15) Spells: 1/11 levels left

rFire   + . .      SeeInvis .     - Unarmed
rCold   . . .      Faith    .   (no shield)
rNeg    . . .      Spirit   +   a - +1 robe
rPois   .          Reflect  .   (helmet currently unavailable)
rElec   .          Harm     .   (no cloak)
rCorr   .          Rampage  .   (no gloves)
Will    +....                   (boots currently unavailable)
Stlth   ++........              o - amulet of guardian spirit
HPRegen 0.14/turn               q - ring of protection from fire
MPRegen 0.12/turn               u - ring of willpower

@: appendages, corroded, hasted, very quick
A: horns 2, (nimble swimmer 2), mertail
a: End Transformation


You were on level 5 of the Dungeon.
You had temporarily grown beastly horns.
You visited 1 branch of the dungeon, and saw 5 of its levels.

You collected 259 gold pieces.

Inventory:

Missiles
 h - 3 javelins
 m - 2 atropa-tipped darts
Armour
 a - a +1 robe (worn)
 c - a +0 helmet (melded)
Jewellery
 n - a ring of fire
 o - an amulet of guardian spirit (around neck)
 p - an amulet of the acrobat
 q - a ring of protection from fire (left hand)
 u - a ring of willpower (right hand)
Scrolls
 d - a scroll of enchant armour
 e - a scroll of teleportation
 k - a scroll of vulnerability
 r - a scroll of blinking
 s - 3 scrolls of butterflies
 t - a scroll of magic mapping
 v - a scroll of brand weapon
Potions
 b - 3 potions of lignification
 f - 2 potions of curing
 g - a potion of flight
 j - a potion of resistance
 l - a potion of brilliance


   Skills:
 + Level 1.9 Fighting
 * Level 3.9 Dodging
 + Level 1.2 Stealth
 + Level 4.8 Unarmed Combat
 + Level 3.2 Spellcasting
 * Level 4.6 Transmutations
 * Level 0.5 Ice Magic
 * Level 2.6 Poison Magic


You had one spell level left.
You knew the following spells:

 Your Spells              Type           Power      Damage    Failure   Level
a - Beastly Appendage     Tmut           28%        N/A       3%          1
b - Wereblood             Tmut           14%        N/A       4%          2
c - Spider Form           Tmut/Pois      11%        N/A       16%         3
d - Ice Form              Ice/Tmut       8%         N/A       58%         4

Your spell library contained the following spells:

 Spells                   Type           Power      Damage    Failure   Level
 Static Discharge         Conj/Air       2%         3-4/arc   34%         2
 Lightning Bolt           Conj/Air       1%         1d12      99%         5
 Maxwell's Capacitive Co  Air            1%         ∞         100%        8


Dungeon Overview and Level Annotations

Branches:
Dungeon (5/15)
 Temple: D:4-7

Altars:


Innate Abilities, Weirdness & Mutations

You have temporarily grown beastly horns.
((You are very nimble when in or above water. (Stealth+, EV+, Speed+++)))
Your lower body shifts to a powerful aquatic tail in water.


Message History

You feel sick.
You feel sick.
You are no longer poisoned.
Your transformation is almost over.
Your horns disappear.
Your +0 helmet unmelds from your body.
HP restored.
A jelly comes into view.
The jelly quivers.
A jelly is nearby!
A jelly is nearby!
A jelly is nearby!
Casting: Beastly Appendage (safe; 3% risk of failure)
Confirm with . or Enter, or press ? or * to list all spells.
You grow a pair of large bovine horns.
Your +0 helmet melds into your body.
An ufetubus comes into view.
The ufetubus shouts!
You hit the jelly.
Your hands burn!
The jelly is moderately wounded.
The jelly barely misses you.
You hit the jelly. The acid corrodes you!
Your hands burn!
The jelly is moderately wounded.
The ufetubus hits you. x2; The jelly hits you.
You are splashed with acid.
You hit the jelly.
Your hands burn!
The jelly is heavily wounded.
The ufetubus closely misses you. The ufetubus hits you.
You hit the jelly.
Your hands burn!
The jelly is severely wounded.
The ufetubus hits you. The ufetubus closely misses you.
The jelly barely misses you. The ufetubus closely misses you.
The ufetubus hits you. The jelly attacks as you move away! The jelly hits you.
* * * LOW HITPOINT WARNING * * *
You are splashed with acid!
* * * LOW HITPOINT WARNING * * *
The jelly attacks as you move away! The jelly barely misses you.
You feel yourself speed up. The jelly hits you.
* * * LOW HITPOINT WARNING * * *
You are splashed with acid!
You die...

#. #. ## #. .# ####.
#.# #.... .. #.### #.
#.# ####.############
#.# #....5J@........#
#.#
#.##..###.#####.####.#
#..# #............#
#..###....##.######
#.###.....##.##)#
#.......#.......#
###########...###
#...# #...#


You could see a jelly and an ufetubus.

Vanquished Creatures
  A phantom (D:4)
  2 orc priests
  A hound (D:4)
  A jelly (D:3)
  An iguana (D:4)
  2 orc wizards (D:5)
  7 adders
  A worm (D:5)
  A dart slug (D:3)
  3 orcs
  8 ball pythons
  5 endoplasms
  5 giant cockroaches
  4 hobgoblins
  10 jackals (D:4)
  6 bats
  A frilled lizard (D:1)
  A goblin (D:4)
  12 kobolds
  4 rats
76 creatures vanquished.

Notes
Turn   | Place    | Note
-------+----------+-------------------------------------------
     0 | D:1      | Icepheonix32 the Merfolk Transmuter began the quest for the
                  | Orb.
     0 | D:1      | Reached XP level 1. HP: 15/15 MP: 3/3
   543 | D:1      | Reached XP level 2. HP: 16/21 MP: 3/5
  1500 | D:2      | Found a faded altar of an unknown god.
  1641 | D:2      | Reached XP level 3. HP: 20/26 MP: 6/6
  1644 | D:2      | Learned a level 2 spell: Wereblood
  1648 | D:2      | Learned a level 3 spell: Spider Form
  2576 | D:3      | Reached skill level 1 in Stealth
  2576 | D:3      | Reached XP level 4. HP: 22/32 MP: 3/7
  2580 | D:3      | Reached skill level 1 in Poison Magic
  3705 | D:4      | Reached XP level 5. HP: 23/37 MP: 3/9
  3956 | D:4      | Noticed a phantom
  3990 | D:4      | Killed a phantom
  3991 | D:4      | Reached XP level 6. HP: 34/43 MP: 0/10
  4568 | D:5      | Entered Level 5 of the Dungeon
  4713 | D:4      | Learned a level 4 spell: Ice Form
  4982 | D:5      | HP: 2/44 [jelly (1)]
  4982 | D:5      | Splashed by a jelly's acid

Illustrated notes

Levels and vault maps discovered:
D:1:      scummos_arrival_simple_crosswalls, layout_basic
D:2:      wad_pebble_path, layout_basic, hellmonk_ecumenical_altar_lost_god
D:3:      layout_loops_ring, grunt_ministairs_4, kennysheep_decorative_pillar,
          minmay_starry_boxes
D:4:      layout_cave_pools, serial_rivers, chequers_serial_rivers_small_a,
          chequers_serial_rivers_micro_b, chequers_serial_rivers_small_b,
          chequers_serial_rivers_room_a
D:5:      layout_loops_cross, biasface_ghost_orc_armoury,
          kennysheep_windowed_goal

Skill      XL: |  1  2  3  4  5 |
---------------+----------------+-----
Transmutations | 3 4 |  4.6
Dodging        | 3 |  3.9
Stealth        | 1 |  1.2
Unarmed Combat | 4 |  4.8
Poison Magic   | 1 2 |  2.6
Spellcasting   | 3 |  3.2
Fighting       | |  1.9
Ice Magic      | |  0.5

Action                   |  1- 3 |  4- 6 || total
-------------------------+-------+-------++-------
Melee: Unarmed           |    84 |   210 ||   294
       Headbutt          |    12 |    29 ||    41
       Punch             |     2 |     2 ||     4
       Tailslap          |       |     1 ||     1
 Cast: Beastly Appendage |    22 |    17 ||    39
       Spider Form       |       |     2 ||     2
       Wereblood         |       |     2 ||     2
  Use: Scroll            |       |    12 ||    12
       Potion            |       |     9 ||     9
 Stab: Sleeping          |     1 |     1 ||     2
       Invisible         |       |     1 ||     1
Armor: Robe              |    19 |    66 ||    85
Dodge: Dodged            |    42 |   178 ||   220
